PCL
ALBUQUERQUE ISOTOPES @ VANCOUVER VIPERS
09/05/2025
 
TOP OF THE 1ST
Albuquerque Isotopes batting - Pitching for Vancouver Vipers : RHP Ben Evans
Pitching: RHP Ben Evans
Batting: RHB Pablo Sandoval 0-0: Called Strike
0-1: Ball
1-1: SINGLE (Line Drive, 89M)
Batting: SHB Edward Bartlett 0-0: Ball
1-0: Fly out, F9 (Line Drive, 9M)
Batting: RHB Alden Isenhood 0-0: Ball
Throwing error on steal attempt, E2
Pablo Sandoval to third
1-0: Ball
2-0: Foul Ball, location: 2F
2-1: Reached on error, E5 (Groundball, 56S)
Pablo Sandoval scores
Batting: LHB Fernando Ortíz 0-0: Foul Ball, location: 2F
0-1: Ball
1-1: Called Strike
1-2: Foul Ball, location: 2F
1-2: Strikes out swinging
Batting: LHB Luis Espinoza 0-0: Called Strike
Alden Isenhood steals 2nd base
0-1: Ball
1-1: Ball
2-1: Foul Ball, location: 2F
2-2: Ball
3-2: Base on Balls
Batting: RHB Arturo García 0-0: Ground out 6-3 (Groundball, 6)
Top of the 1st over - 1 run(s), 1 hit(s), 2 error(s), 2 left on base; Albuquerque 1 - Vancouver 0
BOTTOM OF THE 1ST
Vancouver Vipers batting - Pitching for Albuquerque Isotopes : RHP Mark Sanders
Pitching: RHP Mark Sanders
Batting: LHB Malcolm Thomas 0-0: Called Strike
0-1: SINGLE (Groundball, 34D)
Batting: LHB Katsumi Morishita 0-0: Grounds into double play, 4-6-3 (Groundball, 4)
Batting: LHB Mike Williams 0-0: Called Strike
0-1: Foul Ball, location: 2F
0-2: Ground out 1-3 (Groundball, 15)
Bottom of the 1st over - 0 run(s), 1 hit(s), 0 error(s), 0 left on base; Albuquerque 1 - Vancouver 0
TOP OF THE 2ND
Albuquerque Isotopes batting - Pitching for Vancouver Vipers : RHP Ben Evans
Batting: LHB Bernardo Montés 0-0: Ball
1-0: Ball
2-0: Called Strike
2-1: Ball
3-1: Base on Balls
Batting: RHB Rick Ayliffe 0-0: Called Strike
0-1: Foul Ball, location: 2F
0-2: Foul Ball, location: 2F
0-2: Grounds into double play, 5-4-3 (Groundball, 5L)
Batting: RHB Juan Alberto 0-0: Ball
1-0: Called Strike
1-1: Called Strike
1-2: Strikes out looking
Top of the 2nd over - 0 run(s), 0 hit(s), 0 error(s), 0 left on base; Albuquerque 1 - Vancouver 0
BOTTOM OF THE 2ND
Vancouver Vipers batting - Pitching for Albuquerque Isotopes : RHP Mark Sanders
Batting: RHB Sergio Pujols 0-0: Fly out, F8 (Flyball, 8LS)
Batting: RHB Axel Guimont 0-0: Ball
1-0: Ball
2-0: Foul Ball, location: 2F
2-1: SINGLE (Line Drive, 6M)
Batting: SHB Henry Copeland 0-0: Ball
Axel Guimont is caught stealing 2nd base
1-0: Ball
2-0: Foul Ball, location: 2F
2-1: Ground out 4-3 (Groundball, 34)
Bottom of the 2nd over - 0 run(s), 1 hit(s), 0 error(s), 0 left on base; Albuquerque 1 - Vancouver 0
TOP OF THE 3RD
Albuquerque Isotopes batting - Pitching for Vancouver Vipers : RHP Ben Evans
Batting: RHB Pablo Sandoval 0-0: Ball
1-0: Ball
2-0: Ball
3-0: Called Strike
3-1: Fly out, F9 (Flyball, 9LSF)
Batting: SHB Edward Bartlett 0-0: Ground out 4-3 (Groundball, 4)
Batting: RHB Alden Isenhood 0-0: Called Strike
0-1: Foul Ball, location: 2F
0-2: Ball
1-2: Ball
2-2: Ground out 5-3 (Groundball, 56)
Top of the 3rd over - 0 run(s), 0 hit(s), 0 error(s), 0 left on base; Albuquerque 1 - Vancouver 0
BOTTOM OF THE 3RD
Vancouver Vipers batting - Pitching for Albuquerque Isotopes : RHP Mark Sanders
Batting: RHB Daniel Robert 0-0: Swinging Strike
0-1: Ball
1-1: SINGLE (Groundball, 56D)
Batting: RHB Lorenzo González 0-0: DOUBLE (Line Drive, 56D)
Daniel Robert to third
Batting: RHB Salvador Medine 0-0: Ball
1-0: Ball
2-0: Ball
3-0: Base on Balls
Batting: LHB Malcolm Thomas 0-0: Swinging Strike
0-1: Foul Ball, location: 2F
0-2: Strikes out looking
Batting: LHB Katsumi Morishita 0-0: Ball
1-0: Fly out, F8 (Flyball, 8RS)
Batting: LHB Mike Williams 0-0: Called Strike
0-1: Ball
1-1: Foul Ball, location: 2F
1-2: Foul Ball, location: 2F
1-2: Fly out, F7 (Flyball, 7M)
Bottom of the 3rd over - 0 run(s), 2 hit(s), 0 error(s), 3 left on base; Albuquerque 1 - Vancouver 0
TOP OF THE 4TH
Albuquerque Isotopes batting - Pitching for Vancouver Vipers : RHP Ben Evans
Batting: LHB Fernando Ortíz 0-0: Called Strike
0-1: Foul Ball, location: 2F
0-2: Ground out 4-3 (Groundball, 4M)
Batting: LHB Luis Espinoza 0-0: Fly out, F9 (Flyball, 89S)
Batting: RHB Arturo García 0-0: Ball
1-0: Foul Ball, location: 2F
1-1: Ground out 6-3 (Groundball, 6)
Top of the 4th over - 0 run(s), 0 hit(s), 0 error(s), 0 left on base; Albuquerque 1 - Vancouver 0
BOTTOM OF THE 4TH
Vancouver Vipers batting - Pitching for Albuquerque Isotopes : RHP Mark Sanders
Batting: RHB Sergio Pujols 0-0: Called Strike
0-1: Ball
1-1: Called Strike
1-2: Foul Ball, location: 2F
1-2: Ball
2-2: Ball
3-2: Strikes out looking
Batting: RHB Axel Guimont 0-0: Ball
1-0: Called Strike
1-1: Foul Ball, location: 2F
1-2: Ground out 6-3 (Groundball, 56)
Batting: SHB Henry Copeland 0-0: Ball
1-0: Ground out 4-3 (Groundball, 4)
Bottom of the 4th over - 0 run(s), 0 hit(s), 0 error(s), 0 left on base; Albuquerque 1 - Vancouver 0
TOP OF THE 5TH
Albuquerque Isotopes batting - Pitching for Vancouver Vipers : RHP Ben Evans
Batting: LHB Bernardo Montés 0-0: Ball
1-0: Ball
2-0: Ball
3-0: Base on Balls
Batting: RHB Rick Ayliffe 0-0: Ball
1-0: Fly out, F7 (Flyball, 78M)
Batting: RHB Juan Alberto 0-0: Ball
1-0: Foul Ball, location: 2F
1-1: Swinging Strike
1-2: Ball
2-2: Hit by Pitch
Bernardo Montés to second
Batting: RHB Pablo Sandoval 0-0: Ball
1-0: Foul Ball, location: 2F
1-1: Ball
2-1: Ball
3-1: Base on Balls
Bernardo Montés to third
Juan Alberto to second
Batting: SHB Edward Bartlett 0-0: Called Strike
0-1: Ball
1-1: Ball
2-1: Ball
3-1: DOUBLE (Line Drive, 9LM)
Bernardo Montés scores
Juan Alberto scores
Pablo Sandoval to third
Runner from 3rd tries for Home, SAFE, no throw or cutoff
Batting: RHB Alden Isenhood 0-0: Called Strike
0-1: Swinging Strike
0-2: Strikes out swinging
Batting: LHB Fernando Ortíz 0-0: Called Strike
0-1: Ball
1-1: Foul Ball, location: 2F
1-2: Ball
2-2: Hit by Pitch
Batting: LHB Luis Espinoza 0-0: Ball
1-0: Foul Ball, location: 2F
1-1: Called Strike
1-2: Strikes out swinging
Top of the 5th over - 3 run(s), 1 hit(s), 0 error(s), 2 left on base; Albuquerque 4 - Vancouver 0
BOTTOM OF THE 5TH
Vancouver Vipers batting - Pitching for Albuquerque Isotopes : RHP Mark Sanders
Batting: RHB Daniel Robert 0-0: Ball
1-0: Ball
2-0: Called Strike
2-1: Ball
3-1: SINGLE (Groundball, 56)
Batting: RHB Lorenzo González 0-0: Called Strike
0-1: Ball
1-1: Foul Ball, location: 2F
1-2: Ball
2-2: DOUBLE (Flyball, 89XD)
Daniel Robert to third
Batting: RHB Salvador Medine 0-0: Called Strike
0-1: Called Strike
0-2: Ball
1-2: Foul Ball, location: 2F
1-2: Ground out 5-3 (Groundball, 5S)
Batting: LHB Malcolm Thomas 0-0: Ball
1-0: Ball
2-0: Foul Ball, location: 2F
2-1: SINGLE (Groundball, 6M)
Daniel Robert scores
Lorenzo González to third
Batting: LHB Katsumi Morishita 0-0: Called Strike
0-1: Called Strike
0-2: Ball
1-2: Foul Ball, location: 2F
1-2: Grounds into double play, 4-6-3 (Groundball, 4)
Bottom of the 5th over - 1 run(s), 3 hit(s), 0 error(s), 1 left on base; Albuquerque 4 - Vancouver 1
TOP OF THE 6TH
Albuquerque Isotopes batting - Pitching for Vancouver Vipers : RHP Ben Evans
Batting: RHB Arturo García 0-0: Ball
1-0: Ball
2-0: Ground out 4-3 (Groundball, 4M)
Batting: LHB Bernardo Montés 0-0: Called Strike
0-1: Called Strike
0-2: Hit by Pitch
Batting: RHB Rick Ayliffe 0-0: Ball
1-0: Called Strike
1-1: Ball
2-1: Ball
3-1: Foul Ball, location: 2F
3-2: SINGLE (Groundball, 56D)
Bernardo Montés to second
Batting: RHB Juan Alberto 0-0: Called Strike
0-1: Ball
1-1: Foul Ball, location: 2F
1-2: Ball
2-2: Strikes out looking
Pitching: LHP Ron Cummins
Batting: RHB Pablo Sandoval 0-0: Ball
1-0: Called Strike
1-1: Fly out, F4 (Popup, 4)
Top of the 6th over - 0 run(s), 1 hit(s), 0 error(s), 2 left on base; Albuquerque 4 - Vancouver 1
BOTTOM OF THE 6TH
Vancouver Vipers batting - Pitching for Albuquerque Isotopes : RHP Mark Sanders
Batting: LHB Mike Williams 0-0: Ball
1-0: Called Strike
1-1: Ball
2-1: Fly out, F7 (Popup, 7S)
Batting: RHB Sergio Pujols 0-0: Foul Ball, location: 2F
0-1: Ball
1-1: Ball
2-1: Foul Ball, location: 2F
2-2: Ball
3-2: Base on Balls
Pitching: RHP Shiki Kanno
Batting: RHB Axel Guimont 0-0: Called Strike
0-1: Ball
1-1: Ball
2-1: Grounds into double play, 6-4-3 (Groundball, 6)
Bottom of the 6th over - 0 run(s), 0 hit(s), 0 error(s), 0 left on base; Albuquerque 4 - Vancouver 1
TOP OF THE 7TH
Albuquerque Isotopes batting - Pitching for Vancouver Vipers : LHP Ron Cummins
Batting: SHB Edward Bartlett 0-0: Foul Ball, location: 2F
0-1: Ground out 1-3 (Groundball, 15)
Batting: RHB Alden Isenhood 0-0: Fly out, F7 (Flyball, 78M)
Batting: LHB Fernando Ortíz 0-0: Ball
1-0: Swinging Strike
1-1: Ball
2-1: Foul Ball, location: 2F
2-2: Ball
3-2: Foul Ball, location: 2F
3-2: Base on Balls
Batting: LHB Luis Espinoza 0-0: Swinging Strike
0-1: Ball
1-1: Fly out, F8 (Flyball, 8LD)
Top of the 7th over - 0 run(s), 0 hit(s), 0 error(s), 1 left on base; Albuquerque 4 - Vancouver 1
BOTTOM OF THE 7TH
Vancouver Vipers batting - Pitching for Albuquerque Isotopes : RHP Shiki Kanno
Batting: SHB Henry Copeland 0-0: Ball
1-0: Ball
2-0: Called Strike
2-1: Foul Ball, location: 2F
2-2: Fly out, F9 (Flyball, 89M)
Batting: RHB Daniel Robert 0-0: Foul Ball, location: 2F
0-1: Ball
1-1: Foul Ball, location: 2F
1-2: SINGLE (Line Drive, 56D)
Batting: RHB Lorenzo González 0-0: Ball
1-0: Called Strike
1-1: Grounds into double play, 5-4-3 (Groundball, 56)
Bottom of the 7th over - 0 run(s), 1 hit(s), 0 error(s), 0 left on base; Albuquerque 4 - Vancouver 1
TOP OF THE 8TH
Albuquerque Isotopes batting - Pitching for Vancouver Vipers : LHP Ron Cummins
Batting: RHB Arturo García 0-0: Called Strike
0-1: Swinging Strike
0-2: Strikes out swinging
Batting: LHB Bernardo Montés 0-0: Ball
1-0: Called Strike
1-1: Ball
2-1: Foul Ball, location: 2F
2-2: Foul Ball, location: 2F
2-2: Ball
3-2: Foul Ball, location: 2F
3-2: Fly out, F8 (Flyball, 8LXD)
Batting: RHB Rick Ayliffe 0-0: Ball
1-0: Foul Ball, location: 2F
1-1: Ball
2-1: Ground out 6-3 (Groundball, 6)
Top of the 8th over - 0 run(s), 0 hit(s), 0 error(s), 0 left on base; Albuquerque 4 - Vancouver 1
BOTTOM OF THE 8TH
Vancouver Vipers batting - Pitching for Albuquerque Isotopes : RHP Shiki Kanno
Now at 1B: Alfonso Huertas
Batting: RHB Salvador Medine 0-0: Ball
1-0: Ball
2-0: Ball
3-0: Called Strike
3-1: Base on Balls
Batting: LHB Malcolm Thomas 0-0: Ball
1-0: Called Strike
1-1: Ball
2-1: Fielders Choice at 2nd, 5-4 (Groundball, 5L)
Pitching: RHP Unissa Hondo
Batting: LHB Katsumi Morishita 0-0: Ball
1-0: Grounds into double play, 6-4-3 (Groundball, 6)
Bottom of the 8th over - 0 run(s), 0 hit(s), 0 error(s), 0 left on base; Albuquerque 4 - Vancouver 1
TOP OF THE 9TH
Albuquerque Isotopes batting - Pitching for Vancouver Vipers : LHP Ron Cummins
Batting: RHB Juan Alberto 0-0: Ball
1-0: Ball
2-0: Ball
3-0: Called Strike
3-1: Swinging Strike
3-2: Foul Ball, location: 2F
3-2: Strikes out swinging
Batting: RHB Pablo Sandoval 0-0: Ball
1-0: Ball
2-0: Called Strike
2-1: Swinging Strike
2-2: TRIPLE (Flyball, 89M)
Batting: SHB Edward Bartlett 0-0: Foul Ball, location: 2F
0-1: Swinging Strike
0-2: Strikes out looking
Batting: RHB Alden Isenhood 0-0: Called Strike
0-1: Ball
1-1: Ball
Steal of home, Pablo Sandoval is safe
2-1: SINGLE (Line Drive, 4D)
Batting: LHB Fernando Ortíz 0-0: Called Strike
0-1: Swinging Strike
0-2: Strikes out swinging
Top of the 9th over - 1 run(s), 2 hit(s), 0 error(s), 1 left on base; Albuquerque 5 - Vancouver 1
BOTTOM OF THE 9TH
Vancouver Vipers batting - Pitching for Albuquerque Isotopes : RHP Unissa Hondo
Batting: LHB Mike Williams 0-0: Called Strike
0-1: Ball
1-1: Ball
2-1: Fly out, F6 (Popup, 56D)
Batting: RHB Sergio Pujols 0-0: Ball
1-0: Called Strike
1-1: Swinging Strike
1-2: Ball
2-2: Ball
3-2: Base on Balls
Batting: RHB Axel Guimont 0-0: Called Strike
0-1: Grounds into double play, 6-4-3 (Groundball, 6)
Bottom of the 9th over - 0 run(s), 0 hit(s), 0 error(s), 0 left on base; Albuquerque 5 - Vancouver 1
This league is powered by Out of the Park Baseball, the baseball management simulation game for PC, Mac and Linux
Tuesday, August 2nd, 2016 - OOTP Baseball 16.8 Build 38